 Dungeon Crawl Stone Soup version 0.28.0-53-g5a82cb258f (webtiles) character file.

Game seed: 17895415279649583148

78 Infinimo the Cudgeller (level 4, -2/43 HPs)
             Began as a Gargoyle Berserker on June 14, 2022.
             Was a Follower of Trog.
             Slain by a goblin
             ... wielding a +0 club
             ... led by Robin
              (5 damage)
             ... on level 1 of the Dungeon.
             The game lasted 00:01:17 (978 turns).

Infinimo the Cudgeller (Gargoyle Berserker)          Turns: 978, Time: 00:01:17

Health: -2/43      AC:  5    Str: 23    XL:     4   Next: 36%
Magic:  4/4        EV: 11    Int:  7    God:    Trog [*.....]
Gold:   65         SH:  0    Dex:  9    Spells: 3/3 levels left

rFire   . . .      SeeInvis .   a - +0 mace
rCold   . . .      Faith    .   (no shield)
rNeg    + . .      Spirit   .   b - +0 animal skin
rPois   ∞          Reflect  .   (no helmet)
rElec   +          Harm     .   (no cloak)
rCorr   .          Rampage  .   (no gloves)
Will    .....                   (no boots)
Stlth   ..........              (no amulet)
HPRegen 0.14/turn               (no ring)
MPRegen 0.09/turn               (no ring)

@: berserking, very quick
A: sickness immunity, AC +3, negative energy resistance 1, electricity
resistance, torment resistance 1, petrification resistance
a: Renounce Religion, Berserk


You were on level 1 of the Dungeon.
You worshipped Trog.
Trog was aware of your devotion.
You visited 1 branch of the dungeon, and saw 2 of its levels.

You collected 65 gold pieces.

Inventory:

Hand Weapons
 a - a +0 mace (weapon)
Armour
 b - a +0 animal skin (worn)
Jewellery
 g - a +6 ring of dexterity
 l - a ring of protection from fire
Scrolls
 e - a scroll of amnesia {unknown}
 f - a scroll of vulnerability {unknown}
 h - a scroll of fear {unknown}
 j - a scroll of brand weapon {unknown}
 k - a scroll of identify {unknown}
Potions
 c - 3 potions of mutation {unknown}
 d - a potion of heal wounds {unknown}
 i - a potion of flight {unknown}
 m - a potion of curing {unknown}


   Skills:
 + Level 3.9 Fighting
 * Level 4.1 Maces & Flails
 + Level 3.0 Armour
 - Level 1.5 Dodging


You had 3 spell levels left.
You didn't know any spells.
Your spell library was empty.

Dungeon Overview and Level Annotations

Branches:
Dungeon (2/15)

Altars:

Annotations:
D:2 Robin


Innate Abilities, Weirdness & Mutations

You are immune to sickness and miasma.
Your stone body is resilient. (AC +3)
You are immune to poison.
You resist negative energy. (rN+)
You are resistant to electric shocks. (rElec)
You are resistant to unholy torment.
You are immune to petrification.


Message History

The goblin barely misses you. The goblin completely misses you.
The goblin barely misses you.
Robin roars a battlecry!
The goblins go into a battle-frenzy!
The goblin completely misses you. The goblin barely misses you.
You barely miss the goblin.
The hobgoblin no longer looks unusually strong.
A goblin comes into view. It is wielding a +0 club.
The goblin closely misses you. The goblin barely misses you.
The goblin hits you with a +0 club. x2; The goblin barely misses you.
The goblin no longer looks unusually strong.
Robin roars a battlecry!
The goblins go into a battle-frenzy!
The goblin hits you with a +0 club. x2; The goblin barely misses you.
You hear a shout!
Robin throws the goblin at you! The goblin misses you.
The goblin hits you with a +0 club. The goblin barely misses you.
You hit the goblin.
You kill the goblin!
Trog accepts your kill. The hobgoblin barely misses you. The goblin misses you.
The goblin hits you but does no damage. The goblin barely misses you.
You see here a +0 club.
The goblin hits you with a +0 club.
* * * LOW HITPOINT WARNING * * *
Robin says, "Duck!"
Found a scroll labelled GAATWYXI OLUM.
The goblin misses you.
The goblin no longer looks unusually strong.
There is a stone staircase leading up here.
The goblin no longer looks unusually strong. x2
Robin roars a battlecry!
The goblins go into a battle-frenzy!
The goblin hits you with a +0 club.
* * * LOW HITPOINT WARNING * * *
You climb upwards.
There is a stone staircase leading down here.
A red film seems to cover your vision as you go berserk!
You feel yourself moving faster!
You feel mighty! The goblin hits you with a +0 club.
You die...

....#
##.....#.....#...###.#...#.
#######..............###
#.#####. #..............(###
###≈≈≈.. #.............)...#
#8....
#...............#.##########
#...............#.....######
#...............#####.....).
##........g....## #.......
##.....#..@..## #.......
############# ########


You could see a goblin (strong).

Vanquished Creatures
  Jessica (D:2)
  Natasha (D:2)
  A dart slug (D:1)
  2 ball pythons (D:1)
  4 endoplasms
  3 goblins (D:2)
  3 kobolds (D:1)
  A quokka (D:2)
  3 bats (D:1)
  5 frilled lizards (D:1)
  2 rats
26 creatures vanquished.

Notes
Turn   | Place    | Note
-------+----------+-------------------------------------------
     0 | D:1      | Infinimo the Gargoyle Berserker began the quest for the
                  | Orb.
     0 | D:1      | Reached XP level 1. HP: 14/14 MP: 1/1
   133 | D:1      | Reached XP level 2. HP: 19/19 MP: 2/2
   729 | D:2      | Noticed Natasha
   737 | D:2      | Noticed a crimson imp
   738 | D:2      | Killed Natasha
   739 | D:2      | Reached XP level 3. HP: 24/24 MP: 3/3
   857 | D:2      | Noticed Jessica
   864 | D:2      | Killed Jessica
   865 | D:2      | Reached skill level 4 in Maces & Flails
   865 | D:2      | Reached XP level 4. HP: 29/29 MP: 4/4
   940 | D:2      | Found a faded altar of an unknown god.
   948 | D:2      | Noticed Robin
   978 | D:1      | Slain by a goblin

Illustrated notes

Levels and vault maps discovered:
D:1:      sevenhm_arrival_forest_fort_small_3, layout_rooms
D:2:      layout_rooms, hellmonk_ecumenical_altar_heavens_door,
          hex_intersection, uniq_natasha, uniq_jessica, uniq_robin

Skill      XL: |  1  2  3 |
---------------+----------+-----
Maces & Flails | 4 |  4.1
Armour         | 3 |  3.0
Fighting       | |  3.9
Dodging        | |  1.5

Action                   |  1- 3 |  4- 6 || total
-------------------------+-------+-------++-------
Melee: Mace              |    66 |    13 ||    79
Invok: Berserk           |     4 |     1 ||     5
Armor: Animal skin       |    25 |     8 ||    33
Dodge: Dodged            |    64 |    24 ||    88
